 Dungeon Crawl Stone Soup version 0.23-a0-393-g6e9e0f2 (webtiles) character file.

12264 MisterFreud the Grappler (level 11, -19/92 HPs)
             Began as a Troll Hunter on Oct 31, 2018.
             Was a Believer of Ru.
             Demolished by a white ugly thing (35 damage)
             ... on level 11 of the Dungeon.
             The game lasted 00:34:54 (10160 turns).

MisterFreud the Grappler (Troll Hunter)            Turns: 10160, Time: 00:34:55

Health: -19/92     AC:  7    Str: 25    XL:     11   Next: 60%
Magic:  10/10      EV: 13    Int:  7    God:    Ru [**....]
Gold:   578        SH: 11    Dex: 10    Spells: 10/10 levels left

rFire    . . .     SeeInvis +     - Unarmed
rCold    . . .     Gourm    +   b - +0 shield
rNeg     . . .     Faith    .   s - +0 troll leather armour
rPois    .         Spirit   .   (helmet restricted)
rElec    .         Reflect  .   (no cloak)
rCorr    +         Harm     .   (gloves unavailable)
MR       .....                  (boots unavailable)
Stlth    +.........             q - amulet of rage
HPRegen  1.05/turn              E - ring of resist corrosion
MPRegen  0.12/turn              J - ring of see invisible

@: about to teleport
A: large, unfitting armour, claws 3, fast metabolism 3, gourmand, regeneration
1, screaming 1, shaggy fur 1, tough skin 2, inexperienced 1
a: Sacrifice an Eye, Sacrifice Stealth, Sacrifice Love, Reject Sacrifices,
Renounce Religion, Evoke Berserk Rage


You were on level 11 of the Dungeon.
You worshipped Ru.
Ru was pleased with you.
You were completely stuffed.

You visited 3 branches of the dungeon, and saw 13 of its levels.

You collected 578 gold pieces.

Inventory:

Missiles
 d - a throwing net
 N - 14 large rocks (quivered)
Armour
 b - a +0 shield (worn)
 s - a +0 troll leather armour (worn)
Jewellery
 q - an amulet of rage (around neck)
 y - a +4 ring of intelligence
 D - an uncursed ring of stealth
 E - a ring of resist corrosion (left claw)
 J - a ring of see invisible (right claw)
 M - an uncursed ring of ice
Wands
 t - a wand of acid (7)
 A - a wand of random effects (3)
 B - a wand of flame (8)
 G - a wand of disintegration (9)
Scrolls
 h - 2 scrolls of teleportation
 i - 2 scrolls of magic mapping
 m - a scroll of fog {unknown}
 n - 3 scrolls of enchant weapon
 o - 9 scrolls of remove curse
 r - a scroll of brand weapon {unknown}
 u - a scroll of immolation {unknown}
 v - a scroll of noise {unknown}
 F - a scroll of enchant armour
 H - a scroll of blinking {unknown}
 I - a scroll of holy word {unknown}
 L - a scroll of silence {unknown}
 P - a scroll of fear {unknown}
 Q - a scroll of torment {unknown}
Potions
 c - a potion of resistance {unknown}
 e - 3 potions of haste
 g - a potion of ambrosia {unknown}
 j - 7 potions of curing
 k - a potion of cancellation {unknown}
 l - 2 potions of lignification
 p - 3 potions of heal wounds
 w - a potion of invisibility {unknown}
 x - 2 potions of mutation {unknown}
 z - 4 potions of flight {unknown}
 C - a potion of agility {unknown}
 K - a potion of berserk rage {unknown}
Comestibles
 f - 24 rations


   Skills:
 - Level 1.5 Fighting
 + Level 7.5 Throwing
 - Level 3.8 Armour
 - Level 8.0 Dodging
 - Level 0.3 Stealth
 - Level 9.0 Shields
 - Level 10.1 Unarmed Combat


You had 10 spell levels left.
You didn't know any spells.
Your spell library contained the following spells:

 Spells                   Type           Power        Failure   Level  Hunger
 Beastly Appendage        Tmut           #.....       45%         1    ##.....
 Corona                   Hex            #......      45%         1    ##.....
 Ensorcelled Hibernation  Hex/Ice        #.....       61%         2    ###....
 Sticks to Snakes         Tmut           #.......     61%         2    ###....
 Confuse                  Hex            #.......     83%         3    ####...
 Dazzling Spray           Conj/Hex       #.....       83%         3    ####...
 Spider Form              Tmut/Pois      #.........   83%         3    ####...
 Tukima's Dance           Hex            #.......     83%         3    ####...
 Ice Form                 Ice/Tmut       #.......     99%         4    #####..
 Blade Hands              Tmut           #.........   100%        5    ######.


Dungeon Overview and Level Annotations

Branches:
Dungeon (11/15)            Temple (1/1) D:6            Lair (1/6) D:10
    Orc: D:9-12

Altars:
Ashenzari
Cheibriados
Dithmenos
Elyvilon
Fedhas
Gozag
Hepliaklqana
Kikubaaqudgha
Makhleb
Okawaru
Qazlal
Ru
Sif Muna
Trog
Uskayaw
Wu Jian
Xom
Yredelemnul
Zin
The Shining One

Shops:
D:7 *

Annotations:
D:3 2 transporters


Innate Abilities, Weirdness & Mutations

You are too large for most types of armour.
You have claws for hands.
Your metabolism is lightning-fast.
You like to eat raw meat.
Your natural rate of healing is unusually fast.
You occasionally shout uncontrollably at your foes.
You are covered in fur. (AC +1)
You have very tough skin. (AC +2)
You are somewhat inexperienced. (-2 XL)


Message History

You closely miss the white ugly thing.
The white ugly thing is moderately wounded.
The white ugly thing tail-slaps you but does no damage.
You scratch the white ugly thing but do no damage.
The white ugly thing is moderately wounded.
The white ugly thing misses you.
You feel sick.
You feel sick.
You block the white ugly thing's attack.
You feel sick.
You are no longer poisoned.
Things that are here:
a killer bee corpse x2
The white ugly thing tail-slaps you. The white ugly thing freezes you!!
* * * LOW HITPOINT WARNING * * *
As you read the scroll of teleportation, it crumbles to dust.
You feel strangely unstable. The white ugly thing tail-slaps you!
* * * LOW HITPOINT WARNING * * *
The white ugly thing freezes you!!
You die...

## #.# #.## ##.##
#############
#...###............
#..#.##............
#.u##†#............
#.@###............. #..#
##............
#####>.####............
.................(......
........................
........................
........................
....>...................
........................


You could see a white ugly thing.

Vanquished Creatures
  Snorg (D:10)
  Josephine (D:10)
  A two-headed ogre (D:8)
  2 unseen horrors
  2 cyclopes (D:11)
  A spiny frog (Lair:1)
  2 trolls
  3 hippogriffs
  A wyvern (D:7)
  Sigmund (D:2)
  2 vampires
  5 wraiths (D:10)
  2 shadows (D:11)
  8 yaks
  3 hogs (D:8)
  A basilisk (Lair:1)
  A human (D:8)
  2 hungry ghosts
  2 water moccasins
  A porcupine (Lair:1)
  4 sky beasts
  3 orc warriors
  3 phantoms
  A black bear (D:6)
  An eye of draining (D:10)
  2 ogres
  7 centaurs
  2 big kobolds
  4 crocodiles
  A wyvern zombie (D:11)
  10 bullfrogs
  4 scorpions
  5 killer bees
  5 howler monkeys
  4 wights (D:11)
  7 electric eels
  2 crimson imps
  A bullfrog zombie (D:11)
  5 orc priests
  A hound (D:7)
  2 orc wizards (D:7)
  3 iguanas
  7 worker ants
  A hound skeleton (D:9)
  3 worker ant zombies
  3 gnolls (D:8)
  13 adders
  2 shadow imps
  An ooze (D:2)
  2 adder skeletons
  2 worms
  3 leopard geckos
  13 orcs
  5 giant cockroaches
  4 goblins
  9 hobgoblins
  28 jackals
  2 quokkas (D:2)
  3 ball pythons
  5 bats
  3 frilled lizards
  21 kobolds
  A leopard gecko skeleton (D:4)
  A quokka skeleton (D:4)
  3 rats
254 creatures vanquished.

Vanquished Creatures (others)
  A two-headed ogre (D:10)
1 creature vanquished.

Grand Total: 255 creatures vanquished

Notes
Turn   | Place    | Note
-------+----------+-------------------------------------------
     0 | D:1      | MisterFreud the Troll Hunter began the quest for the Orb.
     0 | D:1      | Reached XP level 1. HP: 19/19 MP: 0/0
   114 | D:1      | Reached skill level 1 in Unarmed Combat
   283 | D:1      | Reached XP level 2. HP: 22/27 MP: 1/1
   304 | D:1      | Reached skill level 2 in Unarmed Combat
   763 | D:2      | Reached XP level 3. HP: 21/33 MP: 2/2
   835 | D:2      | Reached skill level 3 in Unarmed Combat
   953 | D:2      | Noticed Sigmund
  1257 | D:2      | Reached XP level 4. HP: 41/41 MP: 3/3
  1343 | D:2      | Reached skill level 4 in Unarmed Combat
  1349 | D:2      | Found a shadowy altar of Dithmenos.
  1534 | D:2      | Found a hazy altar of Hepliaklqana.
  1614 | D:2      | Killed Sigmund
  1614 | D:2      | Reached skill level 5 in Unarmed Combat
  1614 | D:2      | Reached XP level 5. HP: 34/48 MP: 4/4
  1681 | D:2      | Found an iron altar of Okawaru.
  1911 | D:3      | Found a glowing golden altar of the Shining One.
  1913 | D:3      | Noticed an ice beast
  2139 | D:3      | Reached XP level 6. HP: 54/55 MP: 5/5
  2236 | D:3      | Found a transporter.
  2241 | D:3      | Found a transporter.
  2317 | D:3      | Reached skill level 6 in Unarmed Combat
  2603 | D:4      | Found a blossoming altar of Fedhas.
  3292 | D:5      | Entered Level 5 of the Dungeon
  3353 | D:5      | Reached skill level 7 in Unarmed Combat
  3375 | D:5      | Reached XP level 7. HP: 59/62 MP: 6/6
  3444 | D:5      | Found an ancient bone altar of Kikubaaqudgha.
  3458 | D:5      | Reached skill level 8 in Unarmed Combat
  4207 | D:6      | Reached skill level 9 in Unarmed Combat
  4330 | D:6      | Reached XP level 8. HP: 58/70 MP: 7/7
  4718 | D:6      | Found a staircase to the Ecumenical Temple.
  4725 | Temple   | Entered the Ecumenical Temple
  4974 | Temple   | Became a worshipper of Ru the Awakened
  5101 | D:6      | Reached skill level 10 in Unarmed Combat
  5474 | D:7      | Reached skill level 5 in Dodging
  5474 | D:7      | Reached XP level 9. HP: 66/76 MP: 8/8
  5783 | D:7      | Found Teqyim's General Store.
  6245 | D:8      | Gained mutation: You are somewhat inexperienced. (-2 XL)
                  | [Ru sacrifice]
  6245 | D:8      | Reached XP level 8. HP: 70/70 MP: 7/7
  6245 | D:8      | Reached XP level 7. HP: 62/62 MP: 6/6
  6245 | D:8      | Reached * piety under Ru
  6245 | D:8      | Reached ** piety under Ru
  6310 | D:8      | Noticed a wyvern
  6318 | D:7      | Killed a wyvern
  6318 | D:7      | Reached XP level 8. HP: 39/70 MP: 7/7
  6568 | D:8      | Noticed a two-headed ogre
  6572 | D:8      | Killed a two-headed ogre
  6572 | D:8      | Reached skill level 5 in Throwing
  6621 | D:8      | Reached XP level 9. HP: 67/76 MP: 8/8
  6638 | D:8      | Reached skill level 1 in Armour
  6751 | D:8      | Found a white marble altar of Elyvilon.
  7091 | D:9      | Noticed a troll
  7100 | D:9      | Killed a troll
  7451 | D:9      | Reached skill level 1 in Shields
  7509 | D:10     | Entered Level 10 of the Dungeon
  7542 | D:10     | Noticed Josephine
  7552 | D:10     | Reached XP level 10. HP: 79/85 MP: 9/9
  7558 | D:10     | Killed Josephine
  7569 | D:10     | Reached skill level 5 in Shields
  7795 | D:10     | Noticed an unseen horror
  7815 | D:10     | Killed an unseen horror
  7838 | D:10     | Noticed a two-headed ogre
  7847 | D:10     | HP: 4/85 [two-headed ogre/+0 giant club (20)]
  7955 | D:10     | Gained mutation: You occasionally shout uncontrollably at
                  | your foes. [Ru sacrifice]
  8057 | D:10     | Noticed Snorg
  8225 | D:10     | Killed a two-headed ogre
  8255 | D:11     | Noticed an unseen horror
  8273 | D:11     | Killed an unseen horror
  8273 | D:11     | Reached XP level 11. HP: 68/92 MP: 10/10
  8430 | D:11     | Noticed a white ugly thing
  8520 | D:10     | Found a staircase to the Lair.
  8612 | D:10     | Killed Snorg
  8959 | Lair:1   | Entered Level 1 of the Lair of Beasts
  9577 | Lair:1   | Noticed a fire dragon
 10160 | D:11     | Demolished by a white ugly thing

Vault maps used:
D:1:      matt_arrival_los_fun
D:2:      marbit_many_paths, nicolae_overflow_crystal_walls,
          lemuel_coloured_pillars_altar, chequers_garden,
          hangedman_decor_opposing, kennysheep_generic_room_16, uniq_sigmund
D:3:      nicolae_overflow_hidden_temple, gammafunk_temple_overflow_arena,
          st_stairs_13
D:4:      cheibrodos_quashed, first_ration, fedhas_altar_1
D:5:      kiku_gazebo_pond_becter
D:6:      minmay_temple_entry_enclosed_plants, serial_bayou,
          serial_bayou_lagoon_a, serial_bayou_lake_a, serial_bayou_ford_a,
          serial_bayou_lagoon_b, serial_bayou_shore_b
D:7:      serial_shops, kennysheep_little_box
D:8:      elyvilon_altar_5, grunt_livestock
D:9:      serial_glass, glass_columns_c, glass_columns_b
D:10:     lair_entry_dummy, uniq_josephine, uniq_snorg
Temple:   minmay_temple_curvy_branch
Lair:1:   dragon1_lemuel, chequers_serial_rivers_micro_b,
          grunt_forest_stairs_basic, columned_hall_lemuel,
          nicolae_quartered_pool_little, grunt_megastairs_2

Skill      XL: |  1  2  3  4  5  6  7  8  9 10 11 |
---------------+----------------------------------+-----
Unarmed Combat | 1 2 3 5 7 9 10 | 10.1
Dodging        | 8 7 |  8.0
Throwing       | 5 6 7 |  7.5
Armour         | 3 |  3.8
Shields        | 2 7 9 |  9.0
Fighting       | |  1.5
Stealth        | |  0.3

Action                   |  1- 3 |  4- 6 |  7- 9 | 10-12 || total
-------------------------+-------+-------+-------+-------++-------
Melee: Short sword       |   199 |       |       |       ||   199
       Punch             |     2 |     2 |    15 |     4 ||    23
       Unarmed           |     5 |   114 |   345 |   345 ||   809
Throw: Large rock        |       |       |     5 |    14 ||    19
       Throwing net      |       |       |       |     1 ||     1
Invok: Sacrifice Experie |       |       |     1 |       ||     1
       Sacrifice Purity  |       |       |       |     1 ||     1
Evoke: Wand              |       |       |    11 |     8 ||    19
  Use: Scroll            |     1 |       |    11 |     4 ||    16
       Potion            |       |       |       |     5 ||     5
 Stab: Sleeping          |     1 |       |     4 |       ||     5
       Paralysed         |       |       |     1 |       ||     1
       Distracted        |       |       |       |     1 ||     1
  Eat: Chunk             |    15 |    18 |    51 |    30 ||   114
       Ration            |       |       |       |     1 ||     1
Armor: Robe              |   103 |    28 |    65 |       ||   196
       Troll leather arm |       |       |     7 |    52 ||    59
       Skin              |       |       |       |    13 ||    13
Dodge: Dodged            |   140 |    49 |   156 |   143 ||   488
Block: Shield            |       |       |       |    79 ||    79

Table legend:
 A = Non-vault XP
 B = Vault XP
 C = Vault XP percentage of total XP
 D = Non-vault monster count
 E = Vault monster count
 F = Vault count percentage of total count
                 A         B        C        D         E       F
            +---------+---------+-------+---------+---------+-------
      Total |   15965 |    4514 |  22.0 |     237 |      18 |   7.1
            +---------+---------+-------+---------+---------+-------
        D:1 |      31 |       0 |   0.0 |      19 |       0 |   0.0
        D:2 |     101 |     210 |  67.5 |      27 |       4 |  12.9
        D:3 |      42 |      16 |  27.6 |       9 |       2 |  18.2
        D:4 |     201 |       0 |   0.0 |      12 |       0 |   0.0
        D:5 |     620 |       0 |   0.0 |      15 |       0 |   0.0
        D:6 |     823 |       0 |   0.0 |      15 |       0 |   0.0
        D:7 |    1506 |       0 |   0.0 |      31 |       0 |   0.0
        D:8 |    2213 |    1015 |  31.4 |      27 |       5 |  15.6
        D:9 |    1415 |       0 |   0.0 |      16 |       0 |   0.0
       D:10 |    4147 |    3273 |  44.1 |      35 |       7 |  16.7
       D:11 |    3314 |       0 |   0.0 |      21 |       0 |   0.0
     Lair:1 |    1552 |       0 |   0.0 |      10 |       0 |   0.0
            +---------+---------+-------+---------+---------+-------
